 Dungeon Crawl Stone Soup version bcrawl-1.41.1 (webtiles) character file.

Game seed: 11385340504770852764

308461 Grimmash the Cleaver (level 9, -14/53 HPs)
             Began as a Skeleton Archaeologist on Apr 18, 2024.
             Was a Believer of Cheibriados.
             Demolished by a sun demon (17 damage)
             ... summoned by a kobold demonologist
             ... on level 7 of the Dungeon.
             The game lasted 00:09:33 (6987 turns).

Grimmash the Cleaver (Skeleton Archaeologist)       Turns: 6987, Time: 00:09:33

Health: -14/53     AC: 21    Str: 21 (23) XL:     9   Next: 94%
Magic:  0/25       EV: 11    Int: 19      God:    Cheibriados [**....]
Gold:   514        SH:  0    Dex: 21      Spells: 17/18 levels left

rFire    . . .     GDR:     36% a - +1 war axe (flame)
rCold    + . .     SeeInvis .   (no shield)
rNeg     + + +     Gourm    .   B - +0 plate armour
rPois    ∞         Faith    .   t - +0 helmet
rElec    .         Spirit   +   o - +1 cloak {+Inv}
rCorr    .         Reflect  .   h - +2 pair of gloves of Leevou {rN+ MP+9 Dex+4}
MR       +....     Clarity  +   e - +1 pair of boots
Stlth    ..........             (no amulet)
HPRegen  0.18/turn              m - +6 ring of dexterity
MPRegen  0.19/turn              l - ring of attention (curse)

@: very slow
A: no food or potions, cold resistance 1, deterioration 1, negative energy
resistance 3, powered by death 1, torment resistance, unbreathing, magic shield,
sturdy frame 1, spell healing
a: Bend Time, Defer, Renounce Religion, Evoke Invisibility


You were on level 7 of the Dungeon.
You worshipped Cheibriados.
Cheibriados was pleased with you.
You were not hungry.

You visited 2 branches of the dungeon, and saw 8 of its levels.

You collected 514 gold pieces.

Inventory:

Hand Weapons
 a - a +1 war axe of flaming (weapon)
 b - a +0 blowgun
 c - a +0 flail of crushing
 A - a +1 war axe of flaming
Missiles
 f - 5 curare-tipped needles
 i - 98 poisoned needles
 s - 83 poisoned tomahawks (quivered)
Armour
 e - a +1 pair of boots (worn)
 h - the +2 pair of gloves of Leevou (worn) {rN+ MP+9 Dex+4}
   (You acquired it on level 2 of the Dungeon)

   It affects your dexterity (+4).
   It protects you from negative energy.
   It affects your magic capacity (+9).
 o - a +1 cloak of invisibility (worn)
 t - a +0 helmet (worn)
 z - a +2 robe of cold resistance
 B - a +0 plate armour (worn)
Jewellery
 l - a cursed ring of attention (right hand)
 m - a +6 ring of dexterity (left hand)
Wands
 n - a wand of paralysis (6)
 r - a wand of flame (19)
 y - a wand of charming (20)
Scrolls
 d - 2 scrolls of enchant weapon {unknown}
 g - 2 scrolls of revelation
 j - 4 scrolls of remove curse {unknown}
 k - 3 scrolls of teleportation
 p - a scroll of amnesia {unknown}
 q - a scroll of noise {unknown}
 u - 2 scrolls of immolation {unknown}
 v - a scroll of brand weapon {unknown}
 w - a scroll of fear {unknown}
 x - a scroll of vulnerability {unknown}


   Skills:
 * Level 4.8 Fighting
 * Level 9.0(9.6) Axes
 + Level 4.8(7.6) Maces & Flails
 + Level 1.1 Throwing
 * Level 5.6 Armour
 * Level 5.5 Dodging
 + Level 4.1 Stealth
 * Level 5.1 Spellcasting
 * Level 1.8 Conjurations
 * Level 3.0 Invocations
 * Level 3.5 Evocations


You had 17 spell levels left.
You knew the following spells:

 Your Spells              Type           Power        Failure   Level  Hunger
a - Magic Dart            Conj           ##..         54%         1    N/A

Your spell library contained the following spells:

 Spells                   Type           Power        Failure   Level  Hunger
 Apportation              Tloc           #.....       80%         1    N/A
 Corona                   Hex            #......      80%         1    N/A
 Infusion                 Chrm           #.......     80%         1    N/A
 Sandblast                Erth           #.....       80%         1    N/A
 Slow                     Hex            #.......     80%         1    N/A
 Summon Butterflies       Summ           #.......     80%         1    N/A
 Blink                    Tloc           N/A          90%         2    N/A
 Call Imp                 Summ           #.....       90%         2    N/A
 Ensorcelled Hibernation  Hex/Ice        #.....       90%         2    N/A
 Conjure Flame            Conj/Fire      #.......     95%         3    N/A
 Dazzling Orbs            Conj/Hex       #......      95%         3    N/A
 Mephitic Cloud           Conj/Pois/Air  #.......     97%         3    N/A
 Confuse                  Hex            #.......     99%         3    N/A
 Tukima's Dance           Hex            #.......     99%         3    N/A
 Cause Fear               Hex            #.........   100%        4    N/A
 Olgreb's Toxic Radiance  Pois           #........    100%        4    N/A
 Silence                  Hex/Air        #.........   100%        5    N/A
 Summon Lightning Spire   Summ/Air       #.......     100%        5    N/A
 Infestation              Hex/Tmut/Pois  #........    100%        6    N/A
 Spider Form              Tmut/Pois      Unusable     N/A         3    N/A

Dungeon Overview and Level Annotations

Branches:
Dungeon (7/12)             Temple (1/1) D:5
   Lair: D:7-9

Altars:
Ashenzari
Cheibriados
Dithmenos
Kikubaaqudgha
Lugonu
Ru
Sif Muna
Trog
Yredelemnul

Annotations:
D:4 1 runed translucent door, Mehrunes's ghost, amateur DsSk


Innate Abilities, Weirdness & Mutations

You do not eat or drink.
You are immune to poison.
Your flesh is cold resistant. (rC+)
Your body sometimes deteriorates upon taking damage.
You are immune to negative energy. (rN+++)
You regenerate a little health from kills.
You are immune to unholy pain and torment.
You can survive without breathing.
When hurt, damage is shared between your health and your magic reserves.
Your movements are slightly less encumbered by armour. (ER -2)
Casting spells heals you.


Message History

No path to travel!
No path to travel!
Okay, then.
Evoke which item? (* to show all) (? for menu, Esc to quit)
Aiming: Charming
Press: ? - help, Shift-Dir - straight line, f - sun demon, p - kobold demonologist
Aim: a sun demon (lightly wounded, summoned, chance to defeat MR: 12%)
The sun demon resists with almost no effort.
The kobold demonologist gestures wildly while chanting.
You see a puff of smoke.
The sun demon closely misses you.
Unknown command.
Unknown command.
You miss the kobold demonologist.
The kobold demonologist is heavily wounded.
You closely miss the sun demon. You miss the quasit.
The kobold demonologist hits you but does no damage.
The sun demon hits you.
* * * LOW HITPOINT WARNING * * *
You are engulfed in flames!!
You die...

##.........#
##..........#
##...........#
#...!........#
#######.###### .
## ### #.#
...##^##.# #.#
......53.#######.#
....[5K@....#.##.#
.....###.......#.#
..8# ##......#.#
.# ##.......#
###.....# ###..##
#.## ###


You could see a sun demon, a kobold demonologist, a quasit and a crimson imp.

Vanquished Creatures
  Pikel (D:6)
  A meliai (D:6)
  A hippogriff (D:6)
  A hungry ghost (D:6)
  Edmund (D:6)
  A water moccasin (D:6)
  2 sky beasts
  2 ice beasts (D:6)
  2 orc warriors (D:6)
  A necrophage (D:7)
  A phantom (D:6)
  3 ogres
  Blork the orc (D:6)
  A kobold brigand (D:6)
  2 bullfrogs (D:6)
  A water moccasin zombie (D:6)
  3 centaurs
  2 orc priests (D:6)
  2 howler monkeys (D:7)
  4 crimson imps
  A bullfrog zombie (D:5)
  A bullfrog skeleton (D:3)
  6 orc wizards
  Crazy Yiuf (D:2)
  3 iguanas
  6 worker ants
  Robin (D:2)
  2 worker ant zombies (D:5)
  A howler monkey skeleton (D:6)
  3 adders
  A shadow imp (D:6)
  2 adder skeletons
  3 worms (D:3)
  3 dart slugs
  3 leopard geckos
  16 orcs
  2 ball pythons
  4 giant cockroaches
  13 goblins
  12 hobgoblins
  4 jackals (D:1)
  15 kobolds
  2 quokkas
  A ball python skeleton (D:4)
  3 bats
  3 frilled lizards
  A quokka skeleton (D:4)
  A quokka zombie (D:6)
  7 rats
154 creatures vanquished.

Vanquished Creatures (others)
  3 slaves (D:6)
  A black bear (D:6)
  A bullfrog (D:6)
  4 plants (D:7)
9 creatures vanquished.

Grand Total: 163 creatures vanquished

Notes
Turn   | Place    | Note
-------+----------+-------------------------------------------
     0 | D:1      | Grimmash the Skeleton Archaeologist began the quest for the
                  | Orb.
     0 | D:1      | Reached XP level 1. HP: 12/12 MP: 1/1
   121 | D:1      | Reached XP level 2. HP: 6/16 MP: 2/2
   741 | D:1      | Reached XP level 3. HP: 17/20 MP: 2/4
  1111 | D:2      | Reached skill level 1 in Spellcasting
  1139 | D:2      | Noticed Robin
  1320 | D:2      | Reached skill level 1 in Armour
  1427 | D:2      | Reached XP level 4. HP: 19/25 MP: 3/5
  1473 | D:2      | Killed Robin
  1764 | D:2      | Found a runed door.
  1869 | D:2      | Noticed Crazy Yiuf
  1873 | D:2      | Killed Crazy Yiuf
  1944 | D:2      | Reached XP level 5. HP: 28/30 MP: 7/7
  1944 | D:2      | Identified a scroll of acquirement
  1946 | D:2      | Identified the +2 pair of gloves of Leevou {rN+ MP+9 Dex+4}
                  | (You acquired it on level 2 of the Dungeon)
  1946 | D:2      | Identified the ring "Tuapn" {Str+5 Int+3} (You acquired it
                  | on level 2 of the Dungeon)
  3279 | D:3      | Gained mutation: You regenerate a little health from kills.
                  | [Skeleton growth]
  3279 | D:3      | Reached XP level 6. HP: 31/35 MP: 9/9
  3873 | D:4      | Reached skill level 1 in Evocations
  4119 | D:4      | Reached skill level 1 in Axes
  4128 | D:4      | Found a runed translucent door.
  4133 | D:4      | Noticed Mehrunes's ghost (amateur DsSk)
  4179 | D:4      | Reached XP level 7. HP: 40/40 MP: 10/10
  4829 | D:5      | Entered Level 5 of the Dungeon
  5129 | D:5      | Found a staircase to the Ecumenical Temple.
  5132 | D:5      | Reached skill level 2 in Axes
  5157 | D:5      | Reached skill level 3 in Axes
  5164 | Temple   | Entered the Ecumenical Temple
  5239 | Temple   | Became a worshipper of Cheibriados the Contemplative
  5363 | D:5      | Reached skill level 4 in Axes
  5391 | D:5      | Found a bloodstained altar of Trog.
  5698 | D:6      | Found an ancient bone altar of Kikubaaqudgha.
  5698 | D:6      | Noticed a hippogriff
  5703 | D:6      | Noticed a hungry ghost
  5709 | D:6      | Reached skill level 1 in Invocations
  5709 | D:6      | Reached XP level 8. HP: 45/45 MP: 13/13
  5720 | D:6      | Reached skill level 5 in Axes
  5752 | D:6      | Killed a hippogriff
  5753 | D:6      | Reached skill level 6 in Axes
  5839 | D:6      | Reached skill level 5 in Dodging
  5889 | D:6      | Reached * piety under Cheibriados
  5902 | D:6      | Found a shadowy altar of Dithmenos.
  5940 | D:6      | Noticed Edmund
  5950 | D:6      | Killed Edmund
  6010 | D:6      | Noticed Blork the orc
  6017 | D:6      | Killed Blork the orc
  6018 | D:6      | Reached skill level 7 in Axes
  6018 | D:6      | Reached XP level 9. HP: 47/52 MP: 15/15
  6142 | D:6      | Identified the Papyrus of Nocuous Flight
  6146 | D:6      | Learned a level 1 spell: Magic Dart
  6146 | D:6      | Noticed Pikel
  6162 | D:6      | Killed Pikel
  6163 | D:6      | Reached skill level 8 in Axes
  6163 | D:6      | Reached skill level 1 in Conjurations
  6218 | D:6      | Noticed a meliai
  6357 | D:6      | Killed a meliai
  6358 | D:6      | Reached skill level 1 in Throwing
  6358 | D:6      | Reached skill level 5 in Armour
  6358 | D:6      | Reached skill level 5 in Spellcasting
  6471 | D:6      | Reached ** piety under Cheibriados
  6472 | D:6      | Reached skill level 9 in Axes
  6857 | D:6      | Found a shimmering blue altar of Sif Muna.
  6981 | D:7      | Noticed a kobold demonologist
  6983 | D:7      | Noticed a sun demon
  6987 | D:7      | Demolished by a sun demon

Skill      XL: |  1  2  3  4  5  6  7  8  9 |
---------------+----------------------------+-----
Spellcasting   | 1 2 3 4 5 |  5.1
Maces & Flails | 2 3 4 |  4.8
Armour         | 1 2 3 4 5 |  5.6
Dodging        | 4 5 |  5.5
Stealth        | 4 |  4.1
Fighting       | 2 3 4 |  4.8
Evocations     | 1 2 3 |  3.5
Axes           | 1 4 7 9 |  9.0
Invocations    | 1 2 3 |  3.0
Conjurations   | 1 |  1.8
Throwing       | 1 |  1.1

Action                   |  1- 3 |  4- 6 |  7- 9 || total
-------------------------+-------+-------+-------++-------
Melee: Whip              |   104 |       |       ||   104
       Mace              |    77 |   164 |       ||   241
       War axe           |       |    42 |   229 ||   271
 Fire: Blowgun           |       |     1 |       ||     1
Throw: Tomahawk          |       |     3 |    17 ||    20
Evoke: Wand              |       |       |     4 ||     4
  Use: Scroll            |     1 |     1 |     3 ||     5
 Stab: Sleeping          |     2 |       |       ||     2
       Paralysed         |       |       |     3 ||     3
Armor: Robe              |    80 |    78 |     7 ||   165
       Chain mail        |       |       |   109 ||   109
       Plate armour      |       |       |    15 ||    15
Dodge: Dodged            |   162 |   137 |   138 ||   437
